 Dungeon Crawl Stone Soup version 0.18-a0-1764-gf4ddf0b (webtiles) character file.

126 M4edhros the Cudgeler (level 5, 45/58 HPs)
             Began as an Ogre Wanderer on Apr 13, 2016.
             Was a Follower of Dithmenos.
             Starved to death
             ... on level 3 of the Dungeon.
             The game lasted 00:06:22 (5461 turns).

M4edhros the Cudgeler (Ogre Wanderer)               Turns: 5461, Time: 00:06:23

Health: 45/58      AC:  4    Str: 17 (18) XL:     5   Next: 10%
Magic:  5/5        EV:  9    Int:  9      God:    Dithmenos [*.....]
Gold:   121        SH:  0    Dex: 12 (13) Spells: 1 memorised, 3 levels left

rFire  . . .     SeeInvis .     a - +3 mace
rCold  . . .     Gourm    .     d - +1 robe
rNeg   . . .     Faith    .     (no shield)
rPois  .         Spirit   .     (helmet restricted)
rElec  .         Dismiss  .     (no cloak)
rCorr  .         Reflect  .     (gloves unavailable)
SustAt .         Harm     .     (boots unavailable)
MR     .....                    (no amulet)
Stlth  ++........               (no ring)
                                (no ring)

@: fainting, wreathed by umbra, not resistant to hostile enchantments,
unstealthy
A: unfitting armour, talons 1, agile 1, robust 1, tough skin 1
a: Renounce Religion


You were on level 3 of the Dungeon.
You worshipped Dithmenos.
Dithmenos was aware of your devotion.
You were fainting.

You visited 1 branch of the dungeon, and saw 3 of its levels.

You collected 121 gold pieces.

Inventory:

Hand Weapons
 a - a +3 mace (weapon)
 c - a +0 hand axe of freezing
Missiles
 g - 8 stones (quivered)
Armour
 d - a +1 robe (worn)
Jewellery
 h - a cursed ring of loudness
Scrolls
 e - 3 scrolls of identify
 m - a scroll of remove curse
Books
 b - the Collected Works on Poison

   Spells                             Type                      Level
   a - Sting                          Conjuration/Poison           1
   b - Ignite Poison                  Fire/Transmutation/Poison    3


   Skills:
 - Level 3.0 Fighting
 - Level 5.3 Maces & Flails
 - Level 1.0 Throwing
 - Level 1.0 Stealth
   Level 1.0 Hexes
   Level 1.3 Transmutations
 + Level 3.0 Poison Magic


You had 3 spell levels left.
You knew the following spells:

 Your Spells              Type           Power        Failure   Level  Hunger
a - Sting                 Conj/Pois      #...         21%         1    ##.....


Dungeon Overview and Level Annotations

Branches:
Dungeon (3/15)

Altars:
Ashenzari
Dithmenos
Trog


Innate Abilities, Weirdness & Mutations

You are too large for most types of armour.
You have tough skin (AC +1).
You have sharp toenails.
You are agile. (Dex +2)
You are robust (+10% HP).


Message History

The dart slug launches a dart at you. The slug dart hits you!
You swing at nothing.
The dart slug launches a dart at you. The slug dart hits you!
You swing at nothing.
You swing at nothing.
You swing at nothing.
You swing at nothing.
You swing at nothing.
You swing at nothing.
You swing at nothing.
You swing at nothing.
You swing at nothing.
You swing at nothing.
You swing at nothing.
You swing at nothing.
You swing at nothing.
You have starved to death.
You die...

..########### #.# #.#
...........># #.# #.#
..........#.# #.# #.#
..........#.# #.# #.#
..........#.# #.# #.#
..........#.#######.# #.#
######'####.##......#######.#
#.## #.##.≈≈≈..........# #..#
#...w≈@≈..#########
##.###.#..≈≈≈..........#
g#####..##.##.....########.#
...........###.##.###### #.#
.######.##.# #.........# #.#
#.##.# #########.# #.# #..#.#
#.# #.# ##.#.# #.# #.# #...#
#.# #.#


You could see a dart slug.

Vanquished Creatures
  Terence (D:3)
  4 adders (D:2)
  A worm (D:2)
  A dart slug (D:1)
  2 giant geckos
  3 ball pythons
  7 bats
  A giant cockroach (D:1)
  9 hobgoblins
  5 kobolds (D:2)
  2 quokkas
  5 giant newts
  12 goblins
  3 rats
56 creatures vanquished.

Notes
Turn   | Place    | Note
--------------------------------------------------------------
     0 | D:1      | M4edhros the Ogre Wanderer began the quest for the Orb.
     0 | D:1      | M4edhros set off with: a +2 mace, the Collected Works on Poison, a scroll of teleportation, a +0 robe, a bread ration
     0 | D:1      | Reached XP level 1. HP: 19/19 MP: 1/1
     5 | D:1      | Identified the Collected Works on Poison
   149 | D:1      | Reached XP level 2. HP: 29/29 MP: 2/2
   218 | D:1      | Learned a level 1 spell: Sting
   839 | D:2      | Gained mutation: You have sharp toenails. [potion of mutation]
   839 | D:2      | Gained mutation: You are robust (+10% HP). [potion of mutation]
   839 | D:2      | Gained mutation: You are agile. (Dex +2) [potion of mutation]
  1016 | D:2      | Reached skill level 1 in Poison Magic
  1031 | D:2      | Reached XP level 3. HP: 36/40 MP: 3/3
  1252 | D:2      | Found a bloodstained altar of Trog.
  1578 | D:2      | Reached XP level 4. HP: 47/49 MP: 4/4
  1617 | D:2      | Found a faded altar to an unknown god.
  1629 | D:2      | Became a worshipper of Dithmenos the Shadowed
  1629 | D:2      | Reached * piety under Dithmenos
  2210 | D:2      | Found a shattered altar of Ashenzari.
  2333 | D:3      | Noticed Terence
  2345 | D:3      | Killed Terence
  2345 | D:3      | Reached XP level 5. HP: 37/58 MP: 1/5
  5461 | D:3      | Starved to death

Vault maps used:
D:1:      lemuel_arrival_behind_the_door_large, minmay_statues_item,
          bh_walls_and_bars
D:2:      bloody_trog, ecumenical_altar_2, ashenzari_altar_1
D:3:      grunt_decor_arrowhead, corexii_item_surrounded_by_moat,
          uniq_crazy_yiuf_cottage, uniq_grinder, uniq_terence

Skill      XL: |  1  2  3  4  5 |
---------------+----------------+-----
Fighting       | 2 3 |  3.0
Poison Magic   | 1 2 3 |  3.0
Maces & Flails | |  5.3
Throwing       | |  1.0
Stealth        | |  1.0
Hexes          | |  1.0
Transmutations | |  1.3

Action                   |  1- 3 |  4- 6 || total
-------------------------+-------+-------++-------
Melee: Mace              |    94 |    46 ||   140
       Kick              |    10 |     3 ||    13
 Cast: Sting             |       |    37 ||    37
  Use: Potion            |     5 |     3 ||     8
       Scroll            |     2 |     5 ||     7
  Eat: Chunk             |     1 |     7 ||     8
       Bread ration      |       |     1 ||     1
       Beef jerky        |       |     1 ||     1
Armor: Robe              |    30 |    15 ||    45
Dodge: Dodged            |    68 |    32 ||   100
